 Dungeon Crawl Stone Soup version 0.22-a0-231-g1b571ea (webtiles) character file.

22455 galech the Grappler (level 12, -5/126 HPs)
             Began as a Troll Monk on Feb 20, 2018.
             Was a High Priest of Okawaru.
             Slain by an unseen horror (11 damage)
             ... on level 12 of the Dungeon.
             The game lasted 00:23:58 (10500 turns).

galech the Grappler (Troll Monk)                   Turns: 10500, Time: 00:23:59

Health: -5/126     AC:  8    Str: 26    XL:     12   Next: 63%
Magic:  0/11       EV: 17    Int:  6    God:    Okawaru [*****.]
Gold:   1473       SH: 13    Dex: 12    Spells: 11/11 levels left

rFire    . . .     SeeInvis .     - Unarmed
rCold    + + .     Gourm    +   x - +0 shield
rNeg     . . .     Faith    .   S - +1 robe {rC+}
rPois    +         Spirit   +   (helmet restricted)
rElec    .         Reflect  .   r - +1 cloak {rPois}
rCorr    .         Harm     .   (gloves unavailable)
MR       +....                  (boots unavailable)
Stlth    +++.......             c - amulet of guardian spirit
HPRegen  0.71/turn              J - ring of protection from magic
MPRegen  0.12/turn              N - ring of protection from cold

@: about to teleport, heroism, very slightly contaminated
A: large, unfitting armour, claws 3, fast metabolism 3, gourmand, regeneration
1, shaggy fur 1, tough skin 2
a: Heroism, Finesse, Renounce Religion


You were on level 12 of the Dungeon.
You worshipped Okawaru.
Okawaru was extremely pleased with you.
You were completely stuffed.

You visited 3 branches of the dungeon, and saw 14 of its levels.
You also visited: Ossuary.

You collected 1473 gold pieces.

Inventory:

Missiles
 O - 31 large rocks (quivered)
Armour
 r - a +1 cloak of poison resistance (worn)
 x - a +0 shield (worn)
 A - a scarf of repulsion
 S - a +1 robe of cold resistance (worn)
Jewellery
 c - an amulet of guardian spirit (around neck)
 e - an uncursed ring of fire
 j - an uncursed ring of resist corrosion
 s - a +1 ring of protection
 B - an uncursed ring of ice
 I - a +6 ring of intelligence
 J - a ring of protection from magic (left claw)
 N - a ring of protection from cold (right claw)
 P - an uncursed ring of stealth
 Q - an uncursed ring of ice
Wands
 p - a wand of iceblast (10)
 E - a wand of random effects (26)
 G - a wand of digging (10)
 H - a wand of acid (9)
 K - a wand of scattershot (4)
Scrolls
 f - 4 scrolls of immolation
 i - 5 scrolls of fear
 k - 4 scrolls of remove curse
 n - a scroll of noise
 o - 2 scrolls of random uselessness
 t - 3 scrolls of fog
 v - 3 scrolls of magic mapping
 y - 5 scrolls of teleportation
 L - 4 scrolls of enchant armour
Potions
 d - a potion of agility {unknown}
 h - 2 potions of magic {unknown}
 l - 3 potions of lignification {unknown}
 m - 7 potions of curing {unknown}
 q - 5 potions of heal wounds {unknown}
 w - 2 potions of mutation {unknown}
 z - 5 potions of might {unknown}
 C - a potion of invisibility {unknown}
 D - 2 potions of haste {unknown}
 F - a potion of brilliance {unknown}
 M - 2 potions of flight
Comestibles
 b - 21 rations


   Skills:
 + Level 9.7(14.7) Fighting
 + Level 9.7(14.7) Dodging
 - Level 1.0(6.0) Stealth
 + Level 8.1(13.1) Shields
 + Level 11.4(16.4) Unarmed Combat


You had 11 spell levels left.
You didn't know any spells.

Dungeon Overview and Level Annotations

Branches:
Dungeon (12/15)            Temple (1/1) D:5             Orc (1/2) D:12
   Lair: D:8-11

Altars:
Ashenzari
Cheibriados
Dithmenos
Elyvilon
Fedhas
Gozag
Hepliaklqana
Kikubaaqudgha
Makhleb
Nemelex Xobeh
Okawaru
Qazlal
Ru
Sif Muna
Trog
Uskayaw
Vehumet
Wu Jian
Xom
Yredelemnul
Zin
The Shining One

Shops:
D:5 %   D:11 *   D:12 !


Innate Abilities, Weirdness & Mutations

You are too large for most types of armour.
You have claws for hands.
Your metabolism is lightning-fast.
You like to eat raw meat.
Your natural rate of healing is unusually fast.
You are covered in fur. (AC +1)
You have very tough skin. (AC +2)


Message History

There is a staircase to the Orcish Mines, spattered with blood here.
You gain the combat prowess of a mighty hero.
Something barely misses you.
You miss something. Something hits you!
* * * LOW HITPOINT WARNING * * *
Something hits you.
* * * LOW HITPOINT WARNING * * *
Something hits you!
* * * LOW HITPOINT WARNING * * *
Blink to where?
Press: ? - help, Dir - move target cursor You are very lightly contaminated with residual magic.
As you read the scroll of blinking, it crumbles to dust.
As you read the scroll of teleportation, it crumbles to dust.
You feel strangely unstable. You block something's attack.
Something closely misses you.
You see here an enchanted quarterstaff.
Something hits you but does no damage. Something hits you!
You die...

+.....^..#.#.#
#.#
#...÷....#.#.#
#.#
#....∩...#.#.#
#.#
#.....####...#.#
#.# ######
#.#.#.###.#
#.###.....# #)#
####### #.# #@#
#.# #.# #.. ###


There were no monsters in sight!

Vanquished Creatures
  An ettin (Orc:1)
  Fannar (D:11)
  3 two-headed ogres
  A tengu warrior (D:11)
  A queen ant (D:10)
  Pikel (D:9)
  An ugly thing (D:12)
  A deep elf mage (D:12)
  9 cyclopes
  A manticore (D:8)
  A centaur zombie (D:11)
  Joseph (D:8)
  A centaur skeleton (D:10)
  A komodo dragon (D:12)
  A tengu conjurer (D:11)
  3 hornets
  2 hippogriffs
  Sigmund (D:5)
  The ghost of tidbits the Skirmisher, an amateur GnWn (D:3)
  A yak (D:10)
  4 hungry ghosts
  2 vampire mosquitoes (D:11)
  21 soldier ants
  3 wargs
  Edmund (D:4)
  A porcupine (D:9)
  3 orc warriors
  6 sky beasts
  2 ice beasts
  An eye of draining (D:9)
  A black bear (D:9)
  8 ogres
  3 wolves
  2 centaurs
  A crocodile (D:10)
  Blork the orc (D:4)
  5 bullfrogs
  A wyvern zombie (D:11)
  A scorpion (D:9)
  17 wights
  6 killer bees (D:11)
  4 crimson imps
  2 bullfrog zombies
  A bullfrog skeleton (D:4)
  7 hounds
  A gnoll shaman (D:4)
  10 orc priests
  Crazy Yiuf (D:3)
  19 orc wizards
  3 iguanas
  27 worker ants
  A bullfrog simulacrum (D:10)
  4 hound skeletons
  8 mummies (Ossuary)
  A worker ant zombie (D:6)
  5 gnolls
  16 adders
  A howler monkey skeleton (D:5)
  An ufetubus (D:10)
  An ooze (D:2)
  An adder skeleton (D:4)
  An adder zombie (D:7)
  3 worms (D:2)
  5 dart slugs
  2 leopard geckos
  52 orcs
  5 ball pythons
  6 bats
  6 giant cockroaches
  5 gnoll zombies
  8 goblins
  7 hobgoblins
  15 jackals
  5 quokkas
  2 frilled lizards
  2 hobgoblin zombies (Ossuary)
  7 kobolds
  2 kobold zombies (Ossuary)
  An orc zombie (Ossuary)
  A quokka zombie (D:8)
  9 rats
381 creatures vanquished.

Vanquished Creatures (others)
  A sky beast (D:11)
  A fungus (D:9)
2 creatures vanquished.

Grand Total: 383 creatures vanquished

Notes
Turn   | Place    | Note
-------+----------+-------------------------------------------
     0 | D:1      | galech the Troll Monk began the quest for the Orb.
     0 | D:1      | Reached XP level 1. HP: 22/22 MP: 0/0
    97 | D:1      | Reached XP level 2. HP: 29/29 MP: 1/1
   447 | D:1      | Reached XP level 3. HP: 27/36 MP: 2/2
   635 | D:2      | Reached XP level 4. HP: 42/45 MP: 3/3
   675 | D:2      | Found a glowing golden altar of the Shining One.
   862 | D:2      | Found a sparkling altar of Nemelex Xobeh.
   925 | D:2      | Reached skill level 4 in Unarmed Combat
   960 | D:2      | Found an ancient bone altar of Kikubaaqudgha.
  1374 | D:2      | Found a faded altar of an unknown god.
  1641 | D:3      | Found a sacrificial altar of Ru.
  1782 | D:3      | Noticed tidbits's ghost (amateur GnWn)
  1794 | D:3      | Killed tidbits's ghost
  1794 | D:3      | Reached XP level 5. HP: 31/54 MP: 2/4
  1794 | D:3      | Reached XP level 6. HP: 36/62 MP: 2/5
  1949 | D:3      | Found a glowing silver altar of Zin.
  2061 | D:3      | Found a runed door.
  2065 | D:3      | Noticed Crazy Yiuf
  2079 | D:3      | Killed Crazy Yiuf
  2250 | D:4      | Reached skill level 5 in Unarmed Combat
  2277 | D:4      | Noticed Edmund
  2277 | D:4      | Found a shadowy altar of Dithmenos.
  2434 | D:4      | Killed Edmund
  2434 | D:4      | Reached XP level 7. HP: 23/71 MP: 0/6
  2661 | D:4      | Noticed Blork the orc
  2669 | D:4      | Killed Blork the orc
  2704 | D:4      | Reached skill level 6 in Unarmed Combat
  2741 | D:4      | Reached skill level 5 in Fighting
  2741 | D:4      | Reached skill level 5 in Dodging
  2946 | D:4      | Found a stormy altar of Qazlal.
  2995 | D:4      | Reached XP level 8. HP: 79/80 MP: 7/7
  3182 | D:5      | Entered Level 5 of the Dungeon
  3189 | D:5      | Found an ornate altar of the Wu Jian Council.
  3203 | D:5      | Noticed Sigmund
  3300 | D:4      | Reached skill level 1 in Shields
  3313 | D:5      | Killed Sigmund
  3511 | D:5      | Found a white marble altar of Elyvilon.
  3556 | D:5      | Found Weikaost's Food Shoppe.
  3665 | D:4      | Found a burning altar of Makhleb.
  3790 | D:5      | Found a staircase to the Ecumenical Temple.
  3801 | Temple   | Entered the Ecumenical Temple
  3856 | Temple   | Became a worshipper of Warmaster Okawaru
  3856 | Temple   | Reached * piety under Okawaru
  3856 | Temple   | Reached ** piety under Okawaru
  4302 | D:6      | Reached skill level 7 in Unarmed Combat
  4338 | D:6      | Found a radiant altar of Vehumet.
  4386 | D:6      | Reached XP level 9. HP: 52/89 MP: 3/8
  4837 | D:7      | Found a sand-covered staircase.
  4848 | Ossuary  | Entered an ossuary
  5389 | D:7      | Got a polished long sword {slice}
  5390 | D:7      | Identified the +4 long sword "Hoxziraa" {slice, rElec} (You took it off a crimson imp on level 7 of the Dungeon)
  5611 | D:8      | Reached *** piety under Okawaru
  5647 | D:8      | Noticed Joseph
  5664 | D:8      | Killed Joseph
  5664 | D:8      | Reached skill level 8 in Unarmed Combat
  5996 | D:8      | Noticed a manticore
  6006 | D:8      | Killed a manticore
  6006 | D:8      | Reached XP level 10. HP: 76/100 MP: 5/9
  6480 | D:9      | Reached **** piety under Okawaru
  6504 | D:9      | Identified the Collected Works on Scorching Stones
  6524 | D:9      | Noticed a six-headed hydra
  6609 | D:9      | Found a snail-covered altar of Cheibriados.
  6629 | D:9      | Noticed Pikel
  6640 | D:9      | Killed Pikel
  6640 | D:9      | Reached skill level 5 in Shields
  6765 | D:9      | Reached skill level 9 in Unarmed Combat
  7059 | D:9      | Found a basalt altar of Yredelemnul.
  7100 | D:10     | Entered Level 10 of the Dungeon
  7255 | D:10     | Reached ***** piety under Okawaru
  7622 | D:10     | Received a gift from Okawaru
  7622 | D:10     | Reached XP level 11. HP: 111/111 MP: 10/10
  7649 | D:10     | Noticed a queen ant
  7664 | D:10     | Killed a queen ant
  8406 | D:10     | Reached skill level 10 in Unarmed Combat
  8623 | D:11     | Found Uprig's Assorted Antiques.
  8630 | D:11     | Noticed Fannar
  8665 | D:11     | Noticed a two-headed ogre
  8665 | D:11     | Killed Fannar
  8670 | D:11     | Killed a two-headed ogre
  8670 | D:11     | Received a gift from Okawaru
  8786 | D:11     | Paralysed by a hornet for 1 turns
  8892 | D:11     | Noticed a tengu warrior
  8909 | D:11     | Killed a tengu warrior
  9154 | D:11     | Reached XP level 12. HP: 122/123 MP: 11/11
  9507 | D:12     | Found a staircase to the Orcish Mines.
  9518 | D:12     | Noticed a two-headed ogre
  9523 | D:12     | Killed a two-headed ogre
  9529 | D:12     | Found Zitzukau's Distillery.
  9592 | Orc:1    | Entered Level 1 of the Orcish Mines
  9684 | Orc:1    | Received a gift from Okawaru
  9710 | Orc:1    | Noticed an ettin
  9718 | Orc:1    | Killed an ettin
  9825 | Orc:1    | Reached skill level 11 in Unarmed Combat
  9929 | Orc:1    | Noticed a two-headed ogre
  9934 | Orc:1    | Killed a two-headed ogre
 10255 | Orc:1    | Received a gift from Okawaru
 10418 | Orc:1    | Noticed an ettin
 10426 | Orc:1    | Noticed a stone giant
 10495 | D:12     | HP: 3/126 [something (7)]
 10500 | D:12     | Slain by an unseen horror

Vault maps used:
D:1:      minmay_arrival_hallway, minmay_misc_feat_alley, minmay_pentomino_z4
D:2:      nemelex_xobeh_ov_fountains_minmay, nicolae_overflow_crystal_walls,
          lemuel_round_altar, chequers_ecumenical_altar_lobes,
          kennysheep_another_room, minmay_cut_off
D:3:      zin_statuary, lemuel_doored_altar, first_ration, minmay_door_square,
          uniq_crazy_yiuf_cottage
D:4:      nicolae_overflow_hidden_temple, nicolae_dithmenos_the_darkroom,
          minmay_mini_jars, uniq_edmund, uniq_blork_the_orc
D:5:      lemuel_crystal_altar, kennysheep_little_box,
          minmay_temple_entry_poolview, serial_shops, shop,
          kennysheep_crisscross, uniq_sigmund
D:6:      old_standard_altar
D:7:      lightli_ossuary_entry_decrepit_ruins
D:8:      uniq_joseph
D:9:      cheibriados_altar_1, lemuel_zombie_altar_yredelemnul,
          grunt_lair_entry_orc_guard_hut, grunt_decor_mini_mirrors,
          hangedman_pestilent_swarm, uniq_pikel
D:10:     serial_ice, serial_ice_a, serial_ice_f, serial_ice_n, serial_ice_m,
          minivault_29
D:11:     serial_shops, nicolae_shop_statue_plus, st_stairs_7,
          kennysheep_cluttered_room, uniq_fannar
D:12:     orc_0_dummy, serial_shops, shop, nicolae_sextant
Temple:   jpeg_temple_island
Orc:1:    giant_chief_lemuel, basic_altar, hangedman_minor_magic
Ossuary:  ossuary_tomb_3

Skill      XL: |  1  2  3  4  5  6  7  8  9 10 11 12 |
---------------+-------------------------------------+-----
Fighting       | 3 4 5 6 7 9 |  9.7
Dodging        | 3 4 5 7 9 |  9.7
Unarmed Combat | 4 5 6 7 8 9 10 11 | 11.4
Shields        | 2 4 5 7 8 |  8.1
Stealth        | |  1.0

Action                   |  1- 3 |  4- 6 |  7- 9 | 10-12 || total
-------------------------+-------+-------+-------+-------++-------
Melee: Unarmed           |    83 |   203 |   440 |   652 ||  1378
       Punch             |     2 |     2 |     2 |       ||     6
Invok: Heroism           |       |       |     1 |    14 ||    15
Evoke: Wand              |       |       |       |     1 ||     1
  Use: Scroll            |       |       |     7 |     9 ||    16
 Stab: Sleeping          |     3 |     2 |     1 |     4 ||    10
  Eat: Chunk             |    11 |    17 |    48 |    46 ||   122
Armor: Robe              |    33 |    55 |   132 |    86 ||   306
Dodge: Dodged            |    52 |    97 |   150 |   222 ||   521
Block: Shield            |       |       |   112 |   252 ||   364

Table legend:
 A = Spawn XP
 B = Non-spawn XP
 C = Spawn XP percentage of total XP
 D = Spawn monster count
 E = Non-spawn monster count
 F = Spawn count percentage of total count
 G = Total turns spent on level
                    A         B        C        D         E        F      G
               +---------+---------+-------+---------+---------+-------+---------
         Total |       0 |   32079 |   0.0 |       0 |     382 |   0.0 | 10500
               +---------+---------+-------+---------+---------+-------+---------
           D:1 |       0 |      58 |   0.0 |       0 |      30 |   0.0 |   567
           D:2 |       0 |     103 |   0.0 |       0 |      24 |   0.0 |   971
           D:3 |       0 |     309 |   0.0 |       0 |      23 |   0.0 |   662
           D:4 |       0 |    1090 |   0.0 |       0 |      43 |   0.0 |  1069
           D:5 |       0 |     772 |   0.0 |       0 |      26 |   0.0 |   768
           D:6 |       0 |     928 |   0.0 |       0 |      24 |   0.0 |   716
           D:7 |       0 |     880 |   0.0 |       0 |      17 |   0.0 |   545
           D:8 |       0 |    2006 |   0.0 |       0 |      25 |   0.0 |   884
           D:9 |       0 |    2813 |   0.0 |       0 |      24 |   0.0 |   659
          D:10 |       0 |    5923 |   0.0 |       0 |      52 |   0.0 |  1390
          D:11 |       0 |    6944 |   0.0 |       0 |      38 |   0.0 |   973
          D:12 |       0 |    2631 |   0.0 |       0 |       6 |   0.0 |   155
         Orc:1 |       0 |    7471 |   0.0 |       0 |      34 |   0.0 |   882
       Ossuary |       0 |     151 |   0.0 |       0 |      16 |   0.0 |   190
               +---------+---------+-------+---------+---------+-------+---------
